 Dungeon Crawl Stone Soup version 0.24-a0-500-g46574c2197 (webtiles) character file.

Game seed: 12037231709512039720

1703 Gynju the Destroyer (level 8, -2/57 HPs)
             Began as a Black Draconian Conjurer on July 15, 2019.
             Was an Initiate of Vehumet.
             Slain by a wight
             ... wielding a +4 trident
              (3 damage)
             ... on level 6 of the Dungeon.
             The game lasted 00:15:37 (7937 turns).

Gynju the Destroyer (Black Draconian Conjurer)      Turns: 7937, Time: 00:15:38

Health: -2/57      AC: 10    Str: 10    XL:     8   Next: 73%
Magic:  11/14      EV: 14    Int: 18    God:    Vehumet [......]
Gold:   243        SH:  0    Dex: 10    Spells: 9/15 levels left

rFire    . . .     SeeInvis .   o - +0 dagger (elec)
rCold    . . .     Gourm    .   (no shield)
rNeg     . . .     Faith    .   (armour unavailable)
rPois    +         Spirit   .   (helmet restricted)
rElec    +         Reflect  .   (no cloak)
rCorr    .         Harm     .   y - +1 pair of gloves "Gigriw" {rPois MR+ Dex-4 Slay+2}
MR       +....                  h - +1 pair of boots
Stlth    +.........             (no amulet)
HPRegen  0.19/turn              g - +2 ring of dexterity
MPRegen  0.14/turn              x - +3 ring of evasion

@: heavily drained
A: breathe lightning, unfitting armour, electricity resistance, cold-blooded, AC
+6
a: Breathe Lightning, Renounce Religion


You were on level 6 of the Dungeon.
You worshipped Vehumet.
Vehumet was noncommittal.
You were not hungry.

You visited 2 branches of the dungeon, and saw 7 of its levels.

You collected 243 gold pieces.

Inventory:

Hand Weapons
 o - a +0 dagger of electrocution (weapon)
 t - a +0 hunting sling
Missiles
 a - 191 stones (quivered)
 c - 58 sling bullets
Armour
 h - a +1 pair of boots (worn)
 y - the +1 pair of gloves "Gigriw" (worn) {rPois MR+ Dex-4 Slay+2}
   (You found it on level 4 of the Dungeon)

   It affects your dexterity (-4).
   It affects your accuracy and damage with ranged weapons and melee attacks
   (+2).
   It protects you from poison.
   It affects your resistance to hostile enchantments.
Jewellery
 g - a +2 ring of dexterity (left hand)
 x - a +3 ring of evasion (right hand)
 A - an uncursed ring of ice
 C - an uncursed ring of protection from fire
Wands
 w - a wand of enslavement (10)
 z - a wand of flame (9)
Scrolls
 d - 4 scrolls of fear
 f - 3 scrolls of fog
 i - a scroll of immolation
 j - 3 scrolls of remove curse
 q - 5 scrolls of teleportation
 B - a scroll of magic mapping
Potions
 k - a potion of ambrosia
 m - a potion of haste
 n - 2 potions of degeneration
 p - 2 potions of curing
 r - a potion of mutation
 s - 3 potions of flight
 u - 2 potions of brilliance
 v - 2 potions of lignification
Comestibles
 b - 12 rations
 l - 3 chunks of flesh


   Skills:
 - Level 1.7(0.3) Dodging
 - Level 1.7(0.2) Stealth
 - Level 4.0(2.4) Spellcasting
 + Level 11.1(9.2) Conjurations


You had 9 spell levels left.
You knew the following spells:

 Your Spells              Type           Power        Failure   Level  Hunger
a - Magic Dart            Conj           ####         1%          1    #......
b - Searing Ray           Conj           #####.       1%          2    ##.....
c - Dazzling Spray        Conj/Hex       ###...       8%          3    ###....

Your spell library contained the following spells:

 Spells                   Type           Power        Failure   Level  Hunger
 Iskenderun's Mystic Bla  Conj           #####...     3%          4    #####..
 Force Lance              Conj/Tloc      ###.....     26%         4    #####..
 Fulminant Prism          Conj/Hex       ###.......   26%         4    #####..


Dungeon Overview and Level Annotations

Branches:
Dungeon (6/15)             Temple (1/1) D:6

Altars:
Ashenzari
Cheibriados
Elyvilon
Fedhas
Gozag
Hepliaklqana
Kikubaaqudgha
Makhleb
Okawaru
Qazlal
Ru
Sif Muna
Trog
Uskayaw
Vehumet
Wu Jian
Xom
The Shining One

Shops:
D:5 :   D:6 ((


Innate Abilities, Weirdness & Mutations

You can breathe wild blasts of lightning.
Your glossy black scales are hard. (AC +6)
You cannot fit into any form of body armour.
You are resistant to electric shocks. (rElec)
You are cold-blooded and may be slowed by cold attacks.


Message History

The wight hits you from afar with a +4 trident.
You feel drained. The wight hits you but does no damage.
The wight hits you but does no damage.
The wight hits you from afar with a +4 trident!
The wight barely misses you. The wight hits you but does no damage.
The wight hits you but does no damage.
The wight hits you from afar with a +4 trident!
The wight hits you from afar with a +4 trident.
* * * LOW HITPOINT WARNING * * *
You feel drained.
* * * LOW HITPOINT WARNING * * *
The wight hits you with a +0 mace.
* * * LOW HITPOINT WARNING * * *
You feel drained.
The wight hits you from afar with a +4 trident!
* * * LOW HITPOINT WARNING * * *
You feel drained.
You die...

# #.# #
#.# # #.#
# #.# #
#.# # #.#
#.# #.#
#@#
#.zz%....
#########


You could see 2 wights.

Vanquished Creatures
  Eustachio (D:5)
  Menkaure (D:4)
  An orc warrior (D:6)
  A sky beast (D:4)
  4 ogres
  A centaur (D:5)
  A bullfrog (D:5)
  A scorpion (D:5)
  A wight (D:6)
  2 crimson imps (D:5)
  A centaur zombie (D:3)
  An orc priest (D:5)
  4 orc wizards (D:6)
  Jessica (D:2)
  Ijyb (D:3)
  2 iguanas
  4 worker ants
  Robin (D:2)
  3 gnolls (D:5)
  7 adders
  A shadow imp (D:6)
  An ooze (D:2)
  2 adder skeletons (D:4)
  2 worms
  A dart slug (D:2)
  6 leopard geckos
  16 orcs
  2 ball pythons
  4 bats
  7 giant cockroaches
  20 goblins
  7 hobgoblins
  12 jackals
  A quokka (D:5)
  6 frilled lizards
  A jackal zombie (D:5)
  8 kobolds
  A leopard gecko skeleton (D:6)
  9 rats
146 creatures vanquished.

Notes
Turn   | Place    | Note
-------+----------+-------------------------------------------
     0 | D:1      | Gynju the Draconian Conjurer began the quest for the Orb.
     0 | D:1      | Reached XP level 1. HP: 14/14 MP: 3/3
   416 | D:1      | Reached XP level 2. HP: 15/20 MP: 0/5
  1369 | D:2      | Found an ornate altar of the Wu Jian Council.
  1374 | D:2      | Noticed Jessica
  1383 | D:2      | Killed Jessica
  1383 | D:2      | Reached XP level 3. HP: 17/26 MP: 0/7
  1540 | D:2      | Noticed Robin
  1559 | D:2      | Killed Robin
  1569 | D:2      | Reached XP level 4. HP: 20/33 MP: 0/8
  1872 | D:2      | Reached skill level 5 in Conjurations
  2072 | D:2      | Found a stormy altar of Qazlal.
  2404 | D:2      | Found a faded altar of an unknown god.
  2503 | D:3      | Learned a level 2 spell: Searing Ray
  2507 | D:3      | Learned a level 3 spell: Dazzling Spray
  2601 | D:3      | Noticed Ijyb
  2620 | D:3      | Paralysed by Ijyb for 2 turns
  2625 | D:3      | Killed Ijyb
  2625 | D:3      | Reached XP level 5. HP: 34/38 MP: 1/10
  3067 | D:3      | Found a sacrificial altar of Ru.
  4110 | D:4      | Noticed an ogre
  4314 | D:4      | Reached skill level 6 in Conjurations
  4369 | D:4      | Reached XP level 6. HP: 45/45 MP: 5/12
  4587 | D:4      | Got a pair of twisted gloves
  4593 | D:4      | Identified the +1 pair of gloves "Gigriw" {rPois MR+ Dex-4
                  | Slay+2} (You found it on level 4 of the Dungeon)
  4811 | D:4      | Found a snail-covered altar of Cheibriados.
  5173 | D:4      | Noticed Menkaure
  5189 | D:4      | Killed Menkaure
  5189 | D:4      | Reached skill level 7 in Conjurations
  5308 | D:5      | Entered Level 5 of the Dungeon
  5358 | D:5      | Your scales start taking on a glossy black colour.
  5358 | D:5      | Reached XP level 7. HP: 50/50 MP: 9/13
  5358 | D:5      | Gained mutation: You are resistant to electric shocks.
                  | (rElec) [Black Draconian growth]
  5650 | D:5      | Reached skill level 8 in Conjurations
  5849 | D:5      | Found Jyxikk's Book Emporium.
  5960 | D:5      | Noticed Eustachio
  5988 | D:5      | Killed Eustachio
  6270 | D:5      | Reached skill level 9 in Conjurations
  6404 | D:4      | Reached XP level 8. HP: 51/57 MP: 9/14
  7032 | D:6      | Reached skill level 10 in Conjurations
  7406 | D:6      | Found a staircase to the Ecumenical Temple.
  7429 | D:6      | Found a hazy altar of Hepliaklqana.
  7440 | Temple   | Entered the Ecumenical Temple
  7522 | Temple   | Became a worshipper of Vehumet
  7549 | D:6      | Found Quklu's Antique Weapon Shoppe.
  7674 | D:5      | Reached skill level 11 in Conjurations
  7881 | D:6      | Found Roysec's Weapon Boutique.
  7937 | D:6      | HP: 1/57 [wight/+4 trident (11)]
  7937 | D:6      | Slain by a wight

Levels and vault maps discovered:
D:1:      elethiomel_arrival_infinity_welcomes_careful_drivers,
          layout_loops_corners
D:2:      layout_rooms, nicolae_overflow_crystal_walls, lemuel_crystal_altar,
          first_ration, chequers_ecumenical_altar_lobes, uniq_robin,
          uniq_jessica
D:3:      layout_loops_ring, old_standard_altar, uniq_ijyb
D:4:      layout_cave_pools, old_standard_altar, uniq_menkaure
D:5:      layout_gridville, serial_shops, shop, hangedman_decor_peaks_small,
          uniq_eustachio
D:6:      layout_basic, kennysheep_mini_moat, minmay_temple_entry_ruins,
          serial_shops, shop, shop, nicolae_shop_behind_doors,
          nicolae_shop_crystal, serial_bayou_pond_e, minmay_alternating_orb,
          uniq_duvessa
Temple:   nicolae_temple_god_jail

Skill      XL: |  1  2  3  4  5  6  7  8 |
---------------+-------------------------+-----
Spellcasting   | 3 4 |  4.0
Conjurations   | 5 6 7 9 11 | 11.1
Dodging        | |  1.7
Stealth        | |  1.7

Action                   |  1- 3 |  4- 6 |  7- 9 || total
-------------------------+-------+-------+-------++-------
Melee: Short sword       |    30 |       |       ||    30
       Dagger            |     1 |    30 |    45 ||    76
       Tailslap          |     5 |     4 |     6 ||    15
 Cast: Magic Dart        |    55 |   183 |   156 ||   394
       Searing Ray       |       |     4 |    17 ||    21
       Dazzling Spray    |       |     2 |       ||     2
  Use: Scroll            |       |    13 |     3 ||    16
 Stab: Sleeping          |       |     3 |       ||     3
  Eat: Chunk             |     2 |    12 |     9 ||    23
Armor: Skin              |    13 |    20 |    41 ||    74
Dodge: Dodged            |    15 |    30 |   111 ||   156

Table legend:
 A = Non-vault XP
 B = Vault XP
 C = Vault XP percentage of total XP
 D = Non-vault monster count
 E = Vault monster count
 F = Vault count percentage of total count
                 A         B        C        D         E       F
            +---------+---------+-------+---------+---------+-------
      Total |    1709 |     724 |  29.8 |     126 |      20 |  13.7
            +---------+---------+-------+---------+---------+-------
        D:1 |      25 |       0 |   0.0 |      16 |       0 |   0.0
        D:2 |      51 |      70 |  57.9 |      20 |      11 |  35.5
        D:3 |     111 |      36 |  24.5 |      26 |       1 |   3.7
        D:4 |     385 |     175 |  31.2 |      22 |       1 |   4.3
        D:5 |     632 |     275 |  30.3 |      27 |       2 |   6.9
        D:6 |     505 |     168 |  25.0 |      15 |       5 |  25.0
            +---------+---------+-------+---------+---------+-------
